 Dungeon Crawl Stone Soup version 0.25-a0-265-g7af84ae0ac (webtiles) character file.

Game seed: 15164257182927291323, levelgen mode: deterministic

68 floatRand the Ducker (level 4, -2/33 HPs)
             Began as a Demonspawn Gladiator on Dec 8, 2019.
             Slain by Terence
             ... wielding a +0 trident
              (6 damage)
             ... on level 2 of the Dungeon.
             The game lasted 00:01:20 (1121 turns).

floatRand the Ducker (Demonspawn Gladiator)         Turns: 1121, Time: 00:01:20

Health: -2/33      AC:  4    Str: 12    XL:     4   Next: 1%
Magic:  4/4        EV: 13    Int:  9    God:
Gold:   54         SH:  0    Dex: 16    Spells: 3/3 levels left

rFire    . . .     SeeInvis .   a - +0 war axe
rCold    . . .     Gourm    .   (no shield)
rNeg     . . .     Faith    .   b - +0 leather armour
rPois    .         Spirit   .   c - +0 helmet
rElec    .         Reflect  .   (no cloak)
rCorr    .         Harm     +   (no gloves)
MR       .....                  (no boots)
Stlth    ++........             g - amulet of harm
HPRegen  0.11/turn              l - -2 ring of strength (curse)
MPRegen  0.09/turn              (no ring)

@: no status effects
A: demonic guardian 1, rot immunity
a: no special abilities


You were on level 2 of the Dungeon.
You were not hungry.

You visited 1 branch of the dungeon, and saw 2 of its levels.

You collected 54 gold pieces.

Inventory:

Hand Weapons
 a - a +0 war axe (weapon)
Missiles
 d - 3 throwing nets (quivered)
Armour
 b - a +0 leather armour (worn)
 c - a +0 helmet (worn)
Jewellery
 g - an amulet of harm (around neck)
 l - a cursed -2 ring of strength (left hand)
Scrolls
 e - a scroll of magic mapping {unknown}
 h - a scroll of enchant weapon {unknown}
 k - a scroll of identify {unknown}
Potions
 i - a potion of resistance {unknown}
 j - a potion of curing {unknown}
Comestibles
 f - 2 rations
 m - a chunk of flesh


   Skills:
 - Level 2.0 Fighting
 + Level 3.3 Axes
 - Level 1.7 Throwing
 + Level 3.4 Dodging
 + Level 1.9 Stealth


You had 3 spell levels left.
You didn't know any spells.
Your spell library was empty.

Dungeon Overview and Level Annotations

Branches:
Dungeon (2/15)

Altars:

Annotations:
D:2 Terence


Innate Abilities, Weirdness & Mutations

A weak demonic guardian rushes to your aid.
You are immune to rotting.


Message History

Your quasit claws Terence but does no damage. x2
Terence hits you with a +0 trident.
* * * LOW HITPOINT WARNING * * *
Your quasit bites Terence.
Your quasit barely misses Terence.
Your quasit claws Terence but does no damage.
You closely miss Terence.
Terence is heavily wounded.
Terence hits you with a +0 trident.
* * * LOW HITPOINT WARNING * * *
Your quasit misses Terence.
Your quasit barely misses Terence.
Your quasit claws Terence but does no damage.
Unknown command.
Unknown command.
Unknown command.
You closely miss Terence.
Terence is heavily wounded.
Your quasit bites Terence but does no damage.
Your quasit claws Terence but does no damage. x2
Terence hits you with a +0 trident.
You die...

.........#
......?..
.........
........#
#......#
##)######
#.5.....#
#.@.....#
###..@..>.#
##.......###
##.........##
#...........#
#...........#
#.....รท...<.#
##.........##
##...#...##
#########


You could see Terence and a friendly quasit.

Vanquished Creatures
  An adder (D:2)
  An ooze (D:2)
  2 dart slugs (D:1)
  4 bats (D:1)
  7 goblins (D:1)
  8 hobgoblins
  5 jackals
  A ball python (D:2)
  A frilled lizard (D:1)
  6 kobolds (D:1)
  5 rats (D:1)
41 creatures vanquished.

Vanquished Creatures (collateral kills)
  An adder (D:2)
  A leopard gecko (D:2)
2 creatures vanquished.

Grand Total: 43 creatures vanquished

Notes
Turn   | Place    | Note
-------+----------+-------------------------------------------
     0 | D:1      | floatRand the Demonspawn Gladiator began the quest for the
                  | Orb.
     0 | D:1      | Reached XP level 1. HP: 16/16 MP: 1/1
    64 | D:1      | Gained mutation: You are immune to rotting. [demonic
                  | ancestry]
    64 | D:1      | Reached XP level 2. HP: 22/22 MP: 2/2
   172 | D:1      | Reached skill level 1 in Stealth
   460 | D:1      | Gained mutation: A weak demonic guardian rushes to your
                  | aid. [demonic ancestry]
   460 | D:1      | Reached XP level 3. HP: 13/27 MP: 3/3
  1092 | D:2      | Noticed Terence
  1114 | D:2      | Reached XP level 4. HP: 5/33 MP: 4/4
  1121 | D:2      | Slain by Terence

Levels and vault maps discovered:
D:1:      mrwooster_arrival_statue, layout_basic
D:2:      layout_rooms, grunt_qazlal_sundering, uniq_natasha, uniq_terence

Skill      XL: |  1  2 |
---------------+-------+-----
Dodging        | 3 |  3.4
Axes           | 3 |  3.3
Stealth        | 1 |  1.9
Fighting       | |  2.0
Throwing       | |  1.7

Action                   |  1- 3 |  4- 6 || total
-------------------------+-------+-------++-------
Melee: War axe           |    88 |     3 ||    91
  Eat: Chunk             |     1 |       ||     1
Armor: Leather armour    |    33 |     1 ||    34
Dodge: Dodged            |    96 |       ||    96

Table legend:
 A = Non-vault XP
 B = Vault XP
 C = Vault XP percentage of total XP
 D = Non-vault monster count
 E = Vault monster count
 F = Vault count percentage of total count
                 A         B        C        D         E       F
            +---------+---------+-------+---------+---------+-------
      Total |      98 |       0 |   0.0 |      43 |       0 |   0.0
            +---------+---------+-------+---------+---------+-------
        D:1 |      59 |       0 |   0.0 |      34 |       0 |   0.0
        D:2 |      39 |       0 |   0.0 |       9 |       0 |   0.0
            +---------+---------+-------+---------+---------+-------
